Zazza, neutral female human Tourist ----- |.... |...| |...| |..f@o####### |<..| ----- Zazza the Rambler Experience level: 1 Strength: 11 Dexterity: 9 Constitution: 17 Intelligence: 15 Wisdom: 7 Charisma: 18 Health: 0(19) Energy: 2(2) Def: 0 Gold: 1283 Moves: 2514 Dungeon seed: 6lgTheHoiPVe1JOv Game ID: Zazza_1599672595 Your Inventory: Coins $ - 1283 gold pieces Weapons a - 37 +2 darts (in quiver) q - a cursed +0 orcish dagger (weapon in hand) r - a +0 scimitar s - 7 +0 darts D - a cursed -1 katana G - 2 +0 orcish daggers Armor e - an uncursed +0 Hawaiian shirt (being worn) y - an uncursed rusty +0 orcish helm (being worn) H - an uncursed +0 orcish helm Comestibles b - an uncursed pear d - 5 uncursed food rations f - an uncursed slime mold j - 2 uncursed tripe rations S - an uncursed lichen corpse Scrolls l - 2 uncursed scrolls of magic mapping t - a blessed scroll of food detection L - a cursed scroll of enchant armor P - a cursed scroll of identify Potions u - an uncursed potion of paralysis v - an uncursed potion of sickness w - an uncursed potion of levitation Wands o - a wand of undead turning (0:5) Tools m - an expensive camera (0:54) n - an uncursed credit card p - an uncursed oil lamp (0:0) A - an uncursed tin whistle F - a magic harp (0:4) O - an uncursed magic whistle Gems z - an uncursed worthless piece of yellow glass K - an uncursed worthless piece of white glass N - an uncursed worthless piece of blue glass R - 3 uncursed worthless pieces of yellowish brown glass Y - an uncursed worthless piece of orange glass Spells and supernatural/magical abilities: Name Level Category Fail Memory W - pray for help -- divine ? -- Your skills at the end: Fighting Skills Weapon Skills dart [Basic] Spellcasting Skills Final Attributes: You were nominally aligned. You are dead. Vanquished creatures: a floating eye a hill orc 3 orc zombies a werejackal an iguana 2 coyotes 2 gas spores a hobgoblin 2 giant rats 2 yellow molds a red mold a gnome zombie 2 geckos 6 jackals a fox a kobold 4 goblins 6 grid bugs 6 lichens a kobold zombie 5 newts 50 creatures vanquished. Voluntary challenges: You used a wielded weapon 11 times, starting on turn 468. You read items or engraved 7 times, starting on turn 23. You never genocided any monsters. You never polymorphed an object. You never changed form. You used no wishes. You never split a pudding. You wrote Elbereth's name 3 times, starting on turn 23. You never violated your personal moral code. Dungeon overview: The Dungeons of Doom: levels 1 to 7 Level 1 an altar to Blind Io, a fountain a long staircase Level 2 a fountain stairs to The Gnomish Mines Level 3 a general store, a fountain Level 4 a sink Level 5 some fountains Level 6 Level 7 <- You were here The Gnomish Mines: Level 3 stairs to The Dungeons of Doom History has recorded: On T:1 you entered the Dungeons of Doom to retrieve the Amulet of Yendor! On T:421 you reached level 2 of The Dungeons of Doom. On T:643 you reached level 1 of The Gnomish Mines. On T:913 you reached level 3 of The Dungeons of Doom. On T:1251 you reached level 4 of The Dungeons of Doom. On T:1677 you reached level 5 of The Dungeons of Doom. On T:2137 you reached level 6 of The Dungeons of Doom. On T:2471 you reached level 7 of The Dungeons of Doom. Score breakdown: Gold: 783 ( 9845 points) Experience: 1 level ( 0 points) Exploration: 7 levels ( 13.73%) (10392 points) Discoveries: 4 items ( 1.34%) ( 3475 points) Valuables value: (no points given unless you survive) Artifact value: 0 ( 0 points) Variety of kills: 21 monsters ( 5.51%) ( 7043 points) Turncount: 2514 turns ( -338 points) Survival: died (score multiplied by 80%) Total score: 24333 Latest messages: The wand hits you! You feel much better. You hear a nearby zap. The wand hits you! You displace Armand. You hear a nearby zap. The wand hits it. (2x) It is hit. You feel tough! You must be leading a healthy life-style. You hear a distant zap. The wand hits it. You write in the dust with your fingers. Something is written here in the dust. You read: "Elbereth". You see no objects here. You hit the hill orc. The hill orc zaps a wand of striking! The wand hits you! You die... Final status: Aloha Zazza the Tourist, killed by a wand... You died in The Dungeons of Doom on dungeon level 7 with 24333 points, and 1283 pieces of gold, after 2514 moves. You were level 1 with a maximum of 19 hit points when you died.